Map: Year Zero LE

Players

Harstem

  • Race: Protoss Protoss
  • League: Grandmaster
  • Spawn Location: 11:00

Lambo - Winner!

  • Race: Zerg Zerg
  • League: Grandmaster
  • Spawn Location: 1:00

VOD

Have the link to the VOD?

Description

Time

  • Played on: Feb. 10, 2019, 6:23 a.m.
  • Length: 12:01
Show
View Real Time Build Order
Export as new Build Order

Harstem Protoss 

Build Orders: 1 Gate Expand, Oracle Opening, Phoenix Opening, Archon Immortal, Mass Phoenix 

Get SALT Encoding   

  12  0:00  Probe  
  13  0:12  Probe  
  14  0:21  Pylon  
  14  0:25  Probe  
  15  0:35  Probe  
  16  0:43  Probe  
  16  0:44  Gateway  
  17  0:50  Assimilator  
  17  0:57  Probe  
  18  1:09  Probe  
  19  1:21  Probe  
  20  1:28  Nexus  
  20  1:35  Cybernetics Core  
  20  1:38  Probe  
  21  1:43  Assimilator  
  21  1:50  Probe  
  22  1:54  Pylon  
  22  2:02  Adept, Probe  
  23  2:14  Probe  
  26  2:19  Stargate  
  26  2:26  Probe  
  26  2:28  Warp Gate  
  27  2:32  Adept  
  27  2:35  Probe  
  27  2:36  Probe  
  29  2:43  Probe  
  31  2:45  Probe  
  33  2:52  Assimilator  
  33  2:53  Probe  
  33  2:55  Probe  
  35  2:58  Assimilator  
  35  3:05  Probe  
  36  3:08  Phoenix  
  36  3:12  Probe  
  37  3:17  Probe  
  40  3:24  Probe  
  40  3:25  Oracle  
  41  3:29  Probe  
  41  3:30  Pylon  
  42  3:36  Probe  
  46  3:43  Gateway  
  47  3:48  Probe x2  
  47  3:49  Stargate  
  48  3:57  Pylon  
  48  4:00  Probe, Phoenix  
  48  4:01  Probe  
  52  4:06  Pylon  
  52  4:12  Probe  
  52  4:13  Probe  
  54  4:19  Phoenix  
  54  4:22  Zealot  
  56  4:24  Probe  
  56  4:25  Probe  
  60  4:33  Phoenix  
  60  4:35  Phoenix  
  62  4:44  Nexus  
  64  4:53  Probe x2  
  64  4:56  Pylon  
  64  4:58  Phoenix  
  68  5:04  Pylon  
  68  5:06  Phoenix  
  70  5:15  Probe x2  
  72  5:25  Robotics Facility  
  72  5:27  Probe x2  
  74  5:29  Sentry, Zealot  
  74  5:32  Phoenix  
  80  5:37  Forge  
  80  5:38  Twilight Council  
  80  5:40  Pylon  
  80  5:42  Probe  
  81  5:43  Probe  
  82  5:52  Probe x2  
  82  5:56  Probe  
  83  6:00  Probe x2  
  83  6:02  Sentry, Zealot  
  83  6:03  Shield Battery  
  88  6:08  Immortal, Probe  
  88  6:11  Probe  
  90  6:12  Protoss Ground Weapons Level 1, Pylon  
  95  6:19  Probe, Pylon  
  95  6:20  Probe  
  95  6:23  Charge  
  97  6:31  Probe x2  
  97  6:34  Probe, Assimilator  
  97  6:35  Templar Archives  
  97  6:37  Assimilator  
  98  6:42  Immortal  
  98  6:45  Gateway  
  98  6:47  Gateway  
  98  6:48  Gateway, Probe  
  98  6:49  Gateway  
  99  6:56  Probe  
  99  7:01  Probe  
  105  7:04  Pylon  
  105  7:07  Shield Battery  
  105  7:09  Immortal  
  105  7:18  High Templar x2  
  113  7:30  Gateway  
  113  7:31  Gateway  
  113  7:33  Pylon  
  113  7:34  Pylon  
  113  7:43  High Templar x2  
  117  7:50  Zealot x2  
  117  7:51  Zealot x2, Pylon  
  125  7:58  Templar Archives  
  122  8:01  Immortal  
  120  8:05  Protoss Ground Weapons Level 2  
  120  8:09  Probe x2  
  120  8:11  Zealot x4, Pylon  
  130  8:14  Pylon  
  130  8:15  Probe  
  127  8:21  Probe x2  
  127  8:24  Archon x2  
  129  8:28  Zealot x4, Probe  
  130  8:41  Zealot x4  
  130  8:44  Probe  
  127  8:48  Probe  
  127  8:52  Zealot x3  
  127  8:53  Zealot  
  138  8:55  Immortal  
  138  9:01  Probe  
  138  9:02  High Templar x2  
  137  9:03  High Templar x2  
  137  9:06  Pylon  
  137  9:08  Gateway  
  141  9:10  Gateway  
  141  9:11  Photon Cannon  
  141  9:18  Photon Cannon, Archon  
  141  9:19  Archon  
  141  9:20  High Templar x4  
  149  9:24  Archon x2  
  149  9:34  Probe  
  147  9:39  Probe  
  147  9:45  Fleet Beacon  
  148  9:46  Zealot x4  
  148  9:49  Stargate  
  146  9:54  Probe x2  
  146  9:58  Zealot x4  
  140  10:06  Psionic Storm, Zealot x5  
  140  10:07  Zealot  
  144  10:23  High Templar x3  
  146  10:35  Zealot x6  
  158  10:38  Carrier  
  158  10:39  Observer  
  144  10:49  Zealot  
  155  11:04  Zealot x4  
  163  11:13  Zealot  
  161  11:27  Zealot x2  
  147  11:40  Zealot x5  
  134  11:54  Zealot  
  134  11:55  Zealot x4  
Show
View Real Time Build Order
Export as new Build Order

Lambo Zerg - Winner!

Build Orders: Hatch First, Swarm Host 

Get SALT Encoding   

  12  0:01  Drone  
  13  0:13  Overlord  
  13  0:17  Drone  
  14  0:31  Drone x2  
  16  0:49  Hatchery  
  15  0:53  Drone  
  15  0:56  Drone  
  17  0:59  Drone  
  18  1:11  Extractor  
  17  1:16  Spawning Pool  
  16  1:19  Drone  
  16  1:22  Drone  
  18  1:28  Drone  
  19  1:39  Drone  
  20  1:53  Overlord  
  20  2:02  Queen x2  
  20  2:03  Zergling x4  
  26  2:12  Metabolic Boost  
  26  2:13  Drone  
  27  2:16  Drone  
  28  2:25  Drone x2  
  30  2:40  Hatchery  
  30  2:42  Drone  
  30  2:45  Drone  
  30  2:46  Drone  
  30  2:50  Overlord  
  32  2:58  Drone x2  
  34  3:06  Queen  
  34  3:10  Drone  
  36  3:15  Drone x2  
  36  3:17  Drone x2  
  36  3:18  Overlord  
  40  3:21  Drone  
  40  3:24  Drone  
  42  3:31  Drone x2  
  44  3:41  Drone x2  
  46  3:45  Queen, Spore Crawler  
  46  3:47  Overlord  
  47  3:48  Drone x3  
  50  3:58  Spore Crawler  
  50  4:01  Zergling x2  
  50  4:05  Queen  
  50  4:06  Zergling x4  
  50  4:07  Zergling x2  
  50  4:09  Zergling x2  
  56  4:10  Drone x2  
  58  4:17  Overlord  
  58  4:24  Drone, Roach Warren  
  58  4:32  Overlord  
  58  4:33  Lair  
  58  4:36  Extractor  
  58  4:37  Drone x8  
  65  4:39  Extractor  
  65  4:42  Queen  
  66  4:49  Overlord  
  66  4:51  Drone  
  66  4:52  Drone x3  
  70  4:57  Drone  
  71  5:02  Drone  
  71  5:06  Drone x2  
  73  5:09  Evolution Chamber  
  73  5:13  Queen  
  73  5:14  Overlord  
  74  5:16  Overlord, Spore Crawler  
  74  5:17  Overlord, Drone  
  74  5:18  Queen, Drone  
  77  5:21  Spore Crawler  
  74  5:34  Overseer, Drone x8  
  74  5:35  Infestation Pit  
  80  5:38  Extractor, Drone x2  
  80  5:39  Extractor  
  80  5:42  Drone  
  81  5:44  Drone  
  81  5:45  Extractor, Drone  
  81  5:47  Spore Crawler  
  81  5:48  Drone x2  
  82  5:52  Drone  
  82  5:55  Drone x4  
  83  5:58  Zerg Missile Weapons Level 1  
  83  6:02  Hydralisk Den  
  83  6:03  Drone  
  83  6:08  Drone x2  
  85  6:14  Hydralisk Den  
  85  6:16  Overlord, Nydus Network  
  85  6:17  Queen  
  85  6:20  Overlord  
  85  6:21  Drone  
  86  6:25  Overlord  
  86  6:29  Drone x3  
  86  6:34  Drone x2  
  86  6:35  Drone  
  86  6:39  Overlord  
  89  6:42  Queen x2  
  93  6:51  Overlord  
  93  6:52  Drone  
  94  7:02  Swarm Host x7  
  94  7:05  Swarm Host  
  94  7:08  Drone  
  119  7:11  Swarm Host x2  
  125  7:17  Swarm Host x3  
  125  7:19  Nydus Canal  
  134  7:27  Swarm Host  
  137  7:31  Overseer  
  137  7:37  Overlord x2  
  137  7:38  Hatchery  
  136  7:50  Overlord  
  136  7:54  Queen  
  138  8:02  Swarm Host x4  
  138  8:03  Swarm Host  
  153  8:10  Swarm Host x2, Nydus Canal  
  159  8:14  Overlord  
  159  8:15  Muscular Augments  
  159  8:16  Zerg Missile Weapons Level 2  
  159  8:20  Overlord  
  159  8:22  Hydralisk  
  159  8:23  Overlord  
  159  8:26  Baneling Nest  
  160  8:29  Spore Crawler  
  157  8:39  Swarm Host x3  
  157  8:40  Zergling x8  
  157  8:41  Zergling x2  
  171  8:46  Swarm Host x2  
  171  8:47  Zergling x2, Drone  
  179  8:53  Hydralisk x2  
  183  8:59  Hydralisk x2  
  183  9:01  Queen  
  187  9:11  Zergling x8  
  187  9:13  Nydus Canal  
  191  9:25  Hive  
  191  9:27  Grooved Spines  
  188  9:40  Hydralisk x2  
  188  9:45  Hydralisk  
  189  9:48  Nydus Canal  
  191  9:58  Hydralisk x3  
  191  10:04  Spire  
  191  10:05  Centrifical Hooks  
  184  10:09  Nydus Canal  
  177  10:17  Hydralisk x5  
  177  10:18  Hydralisk x2  
  177  10:19  Extractor  
  183  10:22  Extractor  
  183  10:25  Hydralisk x2, Zergling x2  
  183  10:26  Zergling x8  
  183  10:27  Nydus Canal  
  188  10:32  Hydralisk, Zergling x2  
  188  10:33  Zergling x2  
  189  10:36  Drone  
  189  10:39  Hydralisk  
  192  10:48  Hydralisk  
  192  11:01  Nydus Canal  
  189  11:05  Overlord  
  189  11:06  Drone x3  
  189  11:07  Overlord x2  
  189  11:10  Evolution Chamber  
  187  11:15  Nydus Canal  
  187  11:23  Hydralisk x2  
  187  11:24  Hydralisk x8  
  187  11:25  Zergling x2  
  199  11:42  Nydus Canal  
Tags
 
Add a new tag
Caveats
  • Supply blocks, unpowered buildings, or Contaminate may cause inaccurate times.
  • Supply counts are checked every 10 seconds.